SAL
ROME BRAVES @ HICKORY CRAWDADS
08/23/2099
 
TOP OF THE 1ST
Rome Braves batting - Pitching for Hickory Crawdads : RHP Chris Lewis
Pitching: RHP Chris Lewis
Batting: RHB Jesus Asevedo 0-0: Ball
1-0: Foul Ball, location: 2F
1-1: Swinging Strike
1-2: Foul Ball, location: 9LMF
1-2: Ball
2-2: Strikes out looking
Batting: LHB Nestor Quintanilla 0-0: Fly out, F8 (Flyball, 8LD, EV 103.1 MPH)
Batting: RHB Kevin Gricus 0-0: Ball
1-0: DOUBLE (Flyball, 8RXD, EV 110.0 MPH)
Batting: LHB David Joachim 0-0: Called Strike
0-1: Ball
1-1: Foul Ball, location: 7LMF
1-2: Ball
2-2: SINGLE (Groundball, 6MD, EV 109.4 MPH)
Kevin Gricus to third
Runner from 3rd tries for Home, SAFE, throw by CF to home
David Joachim to second
Batting: LHB Justin Swartz 0-0: Called Strike
0-1: Ball
1-1: Ball
2-1: Called Strike
2-2: Ball
3-2: Strikes out swinging
Top of the 1st over - 1 run, 2 hits, 0 errors, 1 left on base; Rome 1 - Hickory 0
BOTTOM OF THE 1ST
Hickory Crawdads batting - Pitching for Rome Braves : RHP Brad Dunivent
Pitching: RHP Brad Dunivent
Batting: RHB Greg Milne 0-0: Ball
1-0: Foul Ball, location: 5DF
1-1: Fly out, F7 (Flyball, 7S, EV 74.4 MPH)
Batting: SHB Josh Cady 0-0: Ball
1-0: Called Strike
1-1: Ball
2-1: Ball
3-1: SOLO HOME RUN (Flyball, 89XD, EV 107.5 MPH), Distance : 445 ft
Batting: LHB Brad Allen 0-0: Foul Ball, location: 2F
0-1: Ball
1-1: Foul Ball, location: 7LMF
1-2: Strikes out swinging
Batting: RHB Alex Colgan 0-0: Called Strike
0-1: Ball
1-1: Fly out, F9 (Flyball, 89M, EV 92.5 MPH)
Bottom of the 1st over - 1 run, 1 hit, 0 errors, 0 left on base; Rome 1 - Hickory 1
TOP OF THE 2ND
Rome Braves batting - Pitching for Hickory Crawdads : RHP Chris Lewis
Batting: LHB Vinny Giron 0-0: Ball
1-0: Ground out U3 (Groundball, 3L, EV 105.0 MPH)
Batting: SHB Josh St. Pierre 0-0: Called Strike
0-1: Ball
1-1: Foul Ball, location: 7LSF
1-2: Ground out 4-3 (Groundball, 4S, EV 73.8 MPH)
Batting: RHB Todd Cabe 0-0: Ball
1-0: Ball
2-0: Foul Ball, location: 2F
2-1: SINGLE (Groundball, 4MD, EV 101.3 MPH)
Batting: RHB Justin Goldenstein 0-0: Fly out, F7 (Flyball, 78S, EV 98.1 MPH)
Top of the 2nd over - 0 runs, 1 hit, 0 errors, 1 left on base; Rome 1 - Hickory 1
BOTTOM OF THE 2ND
Hickory Crawdads batting - Pitching for Rome Braves : RHP Brad Dunivent
Batting: RHB Kevin Norvell 0-0: Ball
1-0: Ground out U3 (Groundball, 3, EV 84.4 MPH)
Batting: RHB Justin Beck 0-0: SINGLE (Groundball, 4MD, EV 103.1 MPH)
Batting: SHB Rodrigo Ruiz 0-0: Ball
1-0: Fly out, F7 (Flyball, 7, EV 75.6 MPH)
Batting: LHB Brian Edwards 0-0: Ball
1-0: Fly out, F9 (Flyball, 9, EV 96.3 MPH)
Bottom of the 2nd over - 0 runs, 1 hit, 0 errors, 1 left on base; Rome 1 - Hickory 1
TOP OF THE 3RD
Rome Braves batting - Pitching for Hickory Crawdads : RHP Chris Lewis
Batting: RHB Jesus Asevedo 0-0: Called Strike
0-1: Called Strike
0-2: Strikes out looking
Batting: LHB Nestor Quintanilla 0-0: Ball
1-0: Called Strike
1-1: Ball
2-1: SINGLE (Line Drive, 4D, EV 95.0 MPH)
Batting: RHB Kevin Gricus 0-0: Called Strike
0-1: Ball
1-1: Called Strike
1-2: Ball
2-2: Grounds into double play, 5-4-3 (Groundball, 5S, EV 88.8 MPH)
Top of the 3rd over - 0 runs, 1 hit, 0 errors, 0 left on base; Rome 1 - Hickory 1
BOTTOM OF THE 3RD
Hickory Crawdads batting - Pitching for Rome Braves : RHP Brad Dunivent
Batting: LHB Branden Clark 0-0: Ball
1-0: Foul Ball, location: 2F
1-1: Swinging Strike
1-2: Ball
2-2: Reached on error, E6 (Groundball, P, EV 81.3 MPH)
Batting: RHB Greg Milne 0-0: Swinging Strike
0-1: Foul Ball, location: 2LF
0-2: Ball
1-2: Ball
2-2: Strikes out looking
Batting: SHB Josh Cady 0-0: Ball
1-0: Ball
2-0: Ball
3-0: Base on Balls
Batting: LHB Brad Allen 0-0: Fly out, F9 (Flyball, 9, EV 84.4 MPH)
Batting: RHB Alex Colgan 0-0: Called Strike
0-1: Called Strike
0-2: Ball
1-2: Strikes out swinging
Bottom of the 3rd over - 0 runs, 0 hits, 1 error, 2 left on base; Rome 1 - Hickory 1
TOP OF THE 4TH
Rome Braves batting - Pitching for Hickory Crawdads : RHP Chris Lewis
Batting: LHB David Joachim 0-0: Fly out, F5 (Popup, 56S, EV 78.8 MPH)
Batting: LHB Justin Swartz 0-0: Called Strike
0-1: SINGLE (Groundball, 34, EV 104.4 MPH) (infield hit)
Batting: LHB Vinny Giron 0-0: Ball
1-0: Ball
2-0: Ball
3-0: Called Strike
3-1: Called Strike
3-2: Foul Ball, location: 9LSF
3-2: Fly out, F5 (Popup, 5DF, EV 63.1 MPH)
Batting: SHB Josh St. Pierre 0-0: Ball
1-0: Ball
Justin Swartz is caught stealing 2nd base 2-6
Top of the 4th over - 0 runs, 1 hit, 0 errors, 0 left on base; Rome 1 - Hickory 1
BOTTOM OF THE 4TH
Hickory Crawdads batting - Pitching for Rome Braves : RHP Brad Dunivent
Batting: RHB Kevin Norvell 0-0: DOUBLE (Line Drive, 7LS, EV 110.6 MPH)
Batting: RHB Justin Beck 0-0: Called Strike
0-1: Ball
1-1: Ball
2-1: Ball
3-1: Foul Ball, location: 2F
3-2: Fly out, F9 (Flyball, 89S, EV 95.6 MPH)
Batting: SHB Rodrigo Ruiz 0-0: Ball
1-0: Ball
2-0: Called Strike
2-1: Ground out U3 (Groundball, 13, EV 91.3 MPH)
Kevin Norvell to third
Batting: LHB Brian Edwards 0-0: Called Strike
0-1: Called Strike
0-2: Ground out 6-3 (Groundball, 56, EV 103.8 MPH)
Bottom of the 4th over - 0 runs, 1 hit, 0 errors, 1 left on base; Rome 1 - Hickory 1
TOP OF THE 5TH
Rome Braves batting - Pitching for Hickory Crawdads : RHP Chris Lewis
Batting: SHB Josh St. Pierre 0-0: Ball
1-0: Fly out, F7 (Flyball, 78M, EV 78.8 MPH)
Batting: RHB Todd Cabe 0-0: Ball
1-0: Called Strike
1-1: Foul Ball, location: 23FF
1-2: Fly out, F9 (Line Drive, 9D, EV 88.8 MPH)
Batting: RHB Justin Goldenstein 0-0: Ball
1-0: Called Strike
1-1: Called Strike
1-2: Ball
2-2: Ball
3-2: Foul Ball, location: 9LMF
3-2: Foul Ball, location: 2F
3-2: Base on Balls
Batting: RHB Jesus Asevedo 0-0: Called Strike
0-1: Called Strike
0-2: Ball
1-2: Ground out 6-3 (Groundball, 6M, EV 84.4 MPH)
Top of the 5th over - 0 runs, 0 hits, 0 errors, 1 left on base; Rome 1 - Hickory 1
BOTTOM OF THE 5TH
Hickory Crawdads batting - Pitching for Rome Braves : RHP Brad Dunivent
Batting: LHB Branden Clark 0-0: SINGLE (Groundball, 6S, EV 71.9 MPH) (infield hit)
Batting: RHB Greg Milne 0-0: SINGLE (Line Drive, 6D, EV 93.8 MPH)
Branden Clark to second
Batting: SHB Josh Cady 0-0: Ball
1-0: Ground out 3-1 (Groundball, 34S, EV 70.0 MPH)
Branden Clark to third
Greg Milne to second
Batting: LHB Brad Allen 0-0: SINGLE (Groundball, 4, EV 89.4 MPH) (infield hit)
Branden Clark scores
Greg Milne to third
Batting: RHB Alex Colgan 0-0: Called Strike
0-1: SINGLE (Groundball, 34D, EV 103.1 MPH)
Greg Milne scores
Brad Allen to second
Runner from 2nd tries for 3rd, SAFE, throw by RF made to third
Batting: RHB Kevin Norvell 0-0: Foul Ball, location: 2F
0-1: Foul Ball, location: 9LSF
0-2: Fielders Choice attempt at home, Runner SAFE. 6-2 (Groundball, 6, EV 99.4 MPH)
Alex Colgan to second
Batting: RHB Justin Beck 0-0: Ball
1-0: Ball
2-0: Fly out, F9 (Flyball, 9, EV 90.6 MPH)
Batting: SHB Rodrigo Ruiz 0-0: Fly out, F9 (Flyball, 9S, EV 83.8 MPH)
Bottom of the 5th over - 3 runs, 4 hits, 0 errors, 2 left on base; Rome 1 - Hickory 4
TOP OF THE 6TH
Rome Braves batting - Pitching for Hickory Crawdads : RHP Chris Lewis
Batting: LHB Nestor Quintanilla 0-0: Called Strike
0-1: Ball
1-1: Called Strike
1-2: Foul Ball, location: 2F
1-2: Foul Ball, location: 2F
1-2: Ball
2-2: Ground out 1-3 (Groundball, 34S, EV 66.3 MPH)
Batting: RHB Kevin Gricus 0-0: Swinging Strike
0-1: Ground out 5-3 (Groundball, 56, EV 104.4 MPH)
Batting: LHB David Joachim 0-0: SINGLE (Line Drive, 56, EV 99.4 MPH)
Batting: LHB Justin Swartz 0-0: Ball
1-0: Fly out, F7 (Line Drive, 78M, EV 91.9 MPH)
Top of the 6th over - 0 runs, 1 hit, 0 errors, 1 left on base; Rome 1 - Hickory 4
BOTTOM OF THE 6TH
Hickory Crawdads batting - Pitching for Rome Braves : RHP Brad Dunivent
Batting: LHB Brian Edwards 0-0: Ground out 5-3 (Groundball, 56S, EV 87.5 MPH)
Batting: LHB Branden Clark 0-0: Called Strike
0-1: Ball
1-1: Ball
2-1: Foul Ball, location: 23FF
2-2: Foul Ball, location: 2F
2-2: Strikes out swinging
Batting: RHB Greg Milne 0-0: Ground out U3 (Groundball, 3S, EV 79.4 MPH)
Bottom of the 6th over - 0 runs, 0 hits, 0 errors, 0 left on base; Rome 1 - Hickory 4
TOP OF THE 7TH
Rome Braves batting - Pitching for Hickory Crawdads : RHP Chris Lewis
Batting: LHB Vinny Giron 0-0: Ball
1-0: Called Strike
1-1: Ball
2-1: Ball
3-1: Foul Ball, location: 2F
3-2: Strikes out looking
Batting: SHB Josh St. Pierre 0-0: Called Strike
0-1: Foul Ball, location: 2F
0-2: Strikes out swinging
Batting: RHB Todd Cabe 0-0: Swinging Strike
0-1: Swinging Strike
0-2: Foul Ball, location: 2F
0-2: Ball
1-2: Ball
2-2: Ball
3-2: DOUBLE (Line Drive, 9LS, EV 106.9 MPH)
Batting: RHB Justin Goldenstein 0-0: Ball
1-0: Foul Ball, location: 2F
1-1: SINGLE (Groundball, 34D, EV 96.9 MPH)
Todd Cabe to third
Runner from 3rd tries for Home, SAFE, throw by RF to home
Batting: RHB Jesus Asevedo 0-0: Called Strike
Justin Goldenstein steals 2nd base
0-1: Ball
1-1: Ball
2-1: Swinging Strike
2-2: Strikes out swinging
Top of the 7th over - 1 run, 2 hits, 0 errors, 1 left on base; Rome 2 - Hickory 4
BOTTOM OF THE 7TH
Hickory Crawdads batting - Pitching for Rome Braves : RHP Brad Dunivent
Batting: SHB Josh Cady 0-0: Ball
1-0: Called Strike
1-1: Ball
2-1: Foul Ball, location: 7LMF
2-2: SINGLE (Line Drive, 7S, EV 97.5 MPH)
Batting: LHB Brad Allen 0-0: Ball
1-0: Ball
2-0: Called Strike
2-1: SINGLE (Groundball, 56D, EV 98.8 MPH)
Josh Cady to second
Batting: RHB Alex Colgan 0-0: Ball
1-0: Ball
2-0: Called Strike
2-1: Ball
3-1: Base on Balls
Josh Cady to third
Brad Allen to second
Pitching: RHP Wibowo Kartodirdjo
Batting: RHB Kevin Norvell 0-0: Called Strike
0-1: Ball
1-1: Called Strike
1-2: Ball
2-2: SINGLE (Groundball, 6M, EV 86.9 MPH) (infield hit)
Josh Cady scores
Brad Allen to third
Alex Colgan to second
Batting: RHB Justin Beck 0-0: Called Strike
0-1: Ball
1-1: Ball
2-1: SINGLE (Groundball, 4MD, EV 98.1 MPH)
Brad Allen scores
Alex Colgan to third
Kevin Norvell to second
Batting: SHB Rodrigo Ruiz 0-0: Called Strike
0-1: Ball
1-1: Ball
2-1: Foul Ball, location: 2F
2-2: SINGLE (Groundball, 4, EV 101.9 MPH) (infield hit)
Alex Colgan scores
Kevin Norvell to third
Justin Beck to second
Batting: LHB Brian Edwards 0-0: Ball
1-0: Fielders Choice at 2nd, 6-4 (Groundball, 6, EV 101.3 MPH)
Kevin Norvell scores
Justin Beck to third
Batting: LHB Branden Clark 0-0: SINGLE (Line Drive, 4MD, EV 100.6 MPH)
Justin Beck scores
Brian Edwards to second
Batting: RHB Greg Milne 0-0: Foul Ball, location: 9LDF
0-1: Fly out, F9 (Line Drive, 9, EV 86.3 MPH)
Batting: SHB Josh Cady 0-0: Ball
1-0: Foul Ball, location: 23F
1-1: Ball
2-1: Foul Ball, location: 5F
2-2: Ground out U3 (Groundball, 34S, EV 87.5 MPH)
Bottom of the 7th over - 5 runs, 6 hits, 0 errors, 2 left on base; Rome 2 - Hickory 9
TOP OF THE 8TH
Rome Braves batting - Pitching for Hickory Crawdads : RHP Chris Lewis
Pinch Hitting: RHB Sean Sattler 0-0: Called Strike
0-1: Swinging Strike
0-2: Ball
1-2: Ball
2-2: Foul Ball, location: 3SF
2-2: Strikes out looking
Batting: RHB Kevin Gricus 0-0: Called Strike
0-1: SOLO HOME RUN (Flyball, 7D, EV 93.8 MPH), Distance : 383 ft
Batting: LHB David Joachim 0-0: Ball
1-0: SINGLE (Groundball, 6MD, EV 110.0 MPH)
Pitching: RHP Gabe Robles
Batting: LHB Justin Swartz 0-0: Ball
1-0: Foul Ball, location: 25FF
1-1: Ball
2-1: Fly out, F8 (Flyball, 89M, EV 90.0 MPH)
Batting: LHB Vinny Giron 0-0: Ball
1-0: Ball
2-0: Ball
3-0: Base on Balls
David Joachim to second
Batting: SHB Josh St. Pierre 0-0: Foul Ball, location: 23FF
0-1: Swinging Strike
0-2: Ball
1-2: Ball
2-2: Foul Ball, location: 2F
2-2: Foul Ball, location: 7LSF
2-2: Foul Ball, location: 5SF
2-2: Foul Ball, location: 2F
2-2: Ball
3-2: Foul Ball, location: 2F
3-2: Hit by Pitch
David Joachim to third
Vinny Giron to second
Batting: RHB Todd Cabe 0-0: Foul Ball, location: 7LDF
0-1: Ball
1-1: Ball
2-1: Swinging Strike
2-2: Strikes out looking
Top of the 8th over - 1 run, 2 hits, 0 errors, 3 left on base; Rome 3 - Hickory 9
BOTTOM OF THE 8TH
Hickory Crawdads batting - Pitching for Rome Braves : RHP Wibowo Kartodirdjo
Pitching: LHP Bobby Aguirre
Now at 1B: Kevin Gricus
Now at 3B: Sean Sattler
Pinch Hitting: RHB Mike Herrmann 0-0: Ball
1-0: Called Strike
1-1: Called Strike
1-2: Strikes out swinging
Pitching: RHP Melvin Vadillo
Batting: RHB Alex Colgan 0-0: Ground out 6-3 (Groundball, 6, EV 88.1 MPH)
Batting: RHB Kevin Norvell 0-0: Foul Ball, location: 2F
0-1: Ball
1-1: Foul Ball, location: 3DF
1-2: Fly out, F9 (Flyball, 8RM, EV 98.1 MPH)
Bottom of the 8th over - 0 runs, 0 hits, 0 errors, 0 left on base; Rome 3 - Hickory 9
TOP OF THE 9TH
Rome Braves batting - Pitching for Hickory Crawdads : RHP Gabe Robles
Now in RF: Kyle Ward
Batting: RHB Justin Goldenstein 0-0: Ball
1-0: Foul Ball, location: 23F
1-1: Foul Ball, location: 2F
1-2: Strikes out swinging
Batting: RHB Jesus Asevedo 0-0: Called Strike
0-1: Foul Ball, location: 5SF
0-2: Strikes out looking
Batting: RHB Sean Sattler 0-0: Called Strike
0-1: Ball
1-1: Ball
2-1: Called Strike
2-2: Foul Ball, location: 2F
2-2: Fly out, F8 (Flyball, 8RS, EV 98.1 MPH)
Top of the 9th over - 0 runs, 0 hits, 0 errors, 0 left on base; Rome 3 - Hickory 9
Wednesday, May 15th , 2024 - OOTP Baseball 24.11 Build 85